 Dungeon Crawl Stone Soup version 0.15-a0-1646-g393eda0 (webtiles) character file.

165 Nikss the Firebug (level 5, -3/38 HPs)
             Began as a Draconian Fire Elementalist on June 22, 2014.
             Was an Initiate of Sif Muna.
             Slain by a gnoll
             ... wielding a +0 halberd
              (13 damage)
             ... on Level 3 of the Dungeon.
             The game lasted 00:22:28 (2729 turns).

Nikss the Firebug (Draconian Fire Elementalist)     Turns: 2729, Time: 00:22:28

HP  -3/38        AC  6     Str 11      XL: 5   Next: 21%
MP   5/11        EV 13     Int 16      God: Sif Muna [......]
Gold 129         SH  0     Dex 11      Spells:  1 memorised,  9 levels left

rFire  . . .     SeeInvis .     F - +2 spear (venom)
rCold  . . .     Clarity  .     (armour unavailable)
rNeg   . . .     rCorr    .     (no shield)
rPois  .         rRot     .     (helmet restricted)
rElec  .         Spirit   .     (no cloak)
SustAb .         Warding  .     C - +0 pair of gloves
rMut   .         Stasis   .     (no boots)
Gourm  .                        (no amulet)
MR     .....                    (no ring)
                                (no ring)

@: very slightly contaminated, not resistant to hostile enchantments, unstealthy
A: unfitting armour, cold-blooded, AC +5
a: Renounce Religion


You were on level 3 of the Dungeon.
You worshipped Sif Muna.
Sif Muna was noncommittal.
You were hungry.

You visited 1 branch of the dungeon, and saw 3 of its levels.

You collected 129 gold pieces.

Inventory:

Hand weapons
 a - a +0 mace
 e - a +0 club
 f - a +0 club
 k - a +0 whip
 l - a +0 club
 o - a +0 club
 r - a +0 club
 z - a +0 club
 B - a cursed +0 spear
 F - a +2 spear of venom (weapon)
 H - a +0 dagger
 J - a +0 club
 L - a +0 short sword
 N - a +0 hand axe
Missiles
 h - 122 stones (quivered)
 y - 10 sling bullets
Armour
 d - a +0 robe
 i - a +0 robe
 q - a +0 scale mail
 s - a +3 leather armour of magic resistance
 C - a +0 pair of gloves (worn)
 I - a cursed +0 ring mail
Comestibles
 c - a bread ration
 m - 6 fruits
 t - a meat ration
 u - a royal jelly
Scrolls
 g - a scroll of identify
 v - a scroll of remove curse
 A - a scroll of blinking {unknown}
 E - a scroll of recharging {unknown}
 M - a scroll of amnesia {unknown}
 P - a scroll of teleportation {unknown}
Jewellery
 n - a cursed -4 ring of evasion
 p - a cursed ring of teleportation
 O - an uncursed amulet of rage {unknown}
Potions
 j - a potion of heal wounds
 w - a potion of poison {unknown}
 x - a potion of might {unknown}
 G - a potion of paralysis {unknown}
Books
 b - a book of Flames

   Spells                             Type                      Level
   *Flame Tongue                      Conjuration/Fire             1
   Throw Flame                        Conjuration/Fire             2
   Conjure Flame                      Conjuration/Fire             3
   Inner Flame                        Hexes/Fire                   3
   Sticky Flame                       Conjuration/Fire             4
   Fireball                           Conjuration/Fire             5
 D - a book of Flames

   Spells                             Type                      Level
   *Flame Tongue                      Conjuration/Fire             1
   Throw Flame                        Conjuration/Fire             2
   Conjure Flame                      Conjuration/Fire             3
   Inner Flame                        Hexes/Fire                   3
   Sticky Flame                       Conjuration/Fire             4
   Fireball                           Conjuration/Fire             5
 K - a book of Control

   Spells                             Type                      Level
   Control Teleport                   Charms/Translocation         4
   Control Undead                     Necromancy                   4
   Enslavement                        Hexes                        4
   Metabolic Englaciation             Hexes/Ice                    5
   Mass Confusion                     Hexes                        6


   Skills:
 + Level 0.2 Fighting
 + Level 0.4 Maces & Flails
 + Level 3.3 Dodging
 + Level 2.0 Stealth
 + Level 3.0 Spellcasting
 + Level 1.3 Conjurations
 + Level 3.8 Fire Magic


You had 9 spell levels left.
You knew the following spells:

 Your Spells              Type           Power        Failure   Level  Hunger
a - Flame Tongue          Conj/Fire      ##...        10%         1    #......


Dungeon Overview and Level Annotations

Branches:
Dungeon (3/15)

Altars:
Elyvilon
Kikubaaqudgha
Nemelex Xobeh
Sif Muna
The Shining One

Annotations:
D:3 Ijyb


Innate Abilities, Weirdness & Mutations

Your plain brown scales are hard (AC +5).
Your body does not fit into most forms of armour.
Your cold-blooded metabolism reacts poorly to cold.


Message History

Ijyb hits you. The gnoll closely misses you.
Casting: Flame Tongue
Confirm with . or Enter, or press ? or * to list all spells.
Aiming: Flame Tongue
Press: ? - help, Shift-Dir - straight line, f/p - Ijyb
Aim: Ijyb (heavily wounded, poisoned)
The flame tongue hits Ijyb.
Ijyb is almost dead.
The gnoll hits you from afar with a halberd!
* * * LOW HITPOINT WARNING * * *
Ijyb barely misses you.
Casting: Flame Tongue
Confirm with . or Enter, or press ? or * to list all spells.
Aiming: Flame Tongue
Press: ? - help, Shift-Dir - straight line, f/p - Ijyb
Aim: Ijyb (almost dead, poisoned)
The flame tongue hits Ijyb.
Ijyb is almost dead.
The gnoll hits you from afar with a halberd!
You die...

####.#####.#<.##...###
#...%.................
#.#..........#......##
#..............##.#.#
###..%........## .#
..........##..# .#
.......##.....# .#
.......#..###.###.###...#
................@ggg.....
..................gg.....
......#######...#####...
.###..## #..## ..... .#
#...######...# ...... .#
#.......#..#.####......
.###.#....................
.##..#####...###..#.......(
.##.####....## ##...#....


You could see Ijyb, 3 gnolls and a hobgoblin.

Vanquished Creatures
  4 gnolls (D:2)
  6 adders
  A worm (D:2)
  2 giant geckos (D:2)
  2 oozes
  An orc (D:3)
  A ball python (D:2)
  10 bats
  4 giant cockroaches
  12 hobgoblins
  8 jackals
  4 kobolds
  A quokka (D:2)
  2 giant newts
  A goblin (D:1)
  5 rats
64 creatures vanquished.

Notes
Turn   | Place    | Note
--------------------------------------------------------------
     0 | D:1      | Nikss, the Draconian Fire Elementalist, began the quest for the Orb.
     0 | D:1      | Reached XP level 1. HP: 14/14 MP: 3/3
   145 | D:1      | Reached XP level 2. HP: 18/20 MP: 1/4
   627 | D:2      | Reached XP level 3. HP: 5/26 MP: 0/6
  1403 | D:2      | Found a deep blue altar of Sif Muna.
  1403 | D:2      | Found a sparkling altar of Nemelex Xobeh.
  1418 | D:2      | Found a glowing golden altar of the Shining One.
  1418 | D:2      | Found a white marble altar of Elyvilon.
  1444 | D:2      | Reached XP level 4. HP: 33/33 MP: 2/8
  1480 | D:2      | Became a worshipper of Sif Muna the Loreminder
  2187 | D:2      | Reached XP level 5. HP: 38/38 MP: 8/11
  2466 | D:3      | Found an ancient bone altar of Kikubaaqudgha.
  2719 | D:3      | Noticed Ijyb
  2729 | D:3      | Slain by a gnoll

Action                   |  1- 3 |  4- 6 || total
-------------------------+-------+-------++-------
Melee: Mace              |    61 |    18 ||    79
       Spear             |       |     3 ||     3
 Cast: Flame Tongue      |    58 |    58 ||   116
  Use: Scroll            |     4 |     1 ||     5
       Potion            |     1 |     2 ||     3
